Map: Acid Plant LE

Players

Avoš - Winner!

  • Race: Protoss Protoss
  • Spawn Location: 11:00

Kindanova

  • Race: Terran Terran
  • Spawn Location: 5:00

VOD

Have the link to the VOD?

Description

Time

  • Played on: July 28, 2018, 2:07 p.m.
  • Length: 13:15
Show
View Real Time Build Order
Export as new Build Order

Avoš Protoss - Winner!

Build Orders: Blink Stalkers 

Get SALT Encoding   

  12  0:01  Probe  
  13  0:13  Probe  
  14  0:18  Pylon  
  14  0:25  Probe  
  15  0:37  Gateway  
  15  0:39  Probe  
  16  0:45  Assimilator  
  16  0:51  Probe  
  16  0:55  Assimilator  
  17  1:03  Probe  
  18  1:11  Gateway  
  18  1:15  Probe  
  19  1:27  Cybernetics Core, Probe  
  20  1:43  Probe, Pylon  
  20  1:46  Warp Gate  
  21  1:51  Probe  
  21  2:00  Probe  
  23  2:15  Sentry, Stalker  
  27  2:24  Pylon  
  27  2:56  Stalker x2  
  31  3:13  Nexus  
  31  3:21  Twilight Council  
  31  3:28  Shield Battery  
  31  3:38  Probe  
  31  3:39  Pylon  
  32  3:50  Probe  
  33  3:58  Blink  
  33  4:03  Robotics Facility  
  33  4:04  Probe  
  34  4:13  Pylon  
  34  4:18  Forge  
  34  4:26  Probe x2  
  36  4:38  Probe x2, Stalker  
  39  4:39  Stalker  
  42  4:55  Observer  
  42  4:59  Protoss Ground Weapons Level 1  
  43  5:06  Probe x2  
  45  5:11  Assimilator  
  45  5:15  Assimilator  
  45  5:18  Probe  
  45  5:19  Probe  
  45  5:21  Stalker x2  
  51  5:34  Robotics Bay  
  51  5:39  Probe x2  
  53  5:45  Stalker  
  53  5:46  Stalker  
  57  5:51  Probe x2  
  59  6:06  Probe  
  59  6:07  Probe  
  61  6:19  Probe x2  
  63  6:26  Gateway  
  63  6:29  Pylon  
  63  6:31  Probe x2  
  65  6:43  Probe x2  
  65  6:44  Robotics Facility, Disruptor  
  70  6:56  Charge  
  70  6:57  Protoss Ground Weapons Level 2  
  70  7:22  Nexus  
  70  7:23  Pylon  
  70  7:26  Gateway, Pylon  
  70  7:28  Assimilator  
  70  7:32  Disruptor x2  
  70  7:33  Assimilator  
  76  7:51  Gateway  
  76  7:53  Gateway  
  76  7:55  Gateway  
  76  8:45  Probe  
  76  8:46  Probe x2  
  79  8:58  Probe x3  
  79  9:02  Immortal  
  90  9:03  Immortal, Protoss Ground Armor Level 1  
  90  9:27  Zealot x3  
  90  9:28  Zealot x4  
  104  9:56  Gateway  
  104  9:58  Gateway  
  104  10:00  Gateway  
  104  10:02  Gateway  
  104  10:05  Pylon  
  104  10:06  Probe x2  
  104  10:07  Probe, Pylon  
  107  10:10  Pylon  
  107  10:14  Pylon  
  107  10:16  Protoss Air Weapons Level 1, Pylon  
  107  10:18  Probe x2, Pylon  
  107  10:21  Pylon  
  109  10:23  Probe, Pylon  
  109  10:25  Zealot x3, Pylon  
  109  10:26  Zealot x4  
  109  10:28  Pylon  
  124  10:55  Zealot x5  
  124  10:56  Zealot x5  
  144  10:57  Zealot, Protoss Shields Level 1  
  146  11:33  Nexus  
  146  11:35  Assimilator, Pylon  
  146  11:40  Pylon  
  146  11:41  Zealot  
  146  11:42  Zealot x4, Assimilator  
  146  11:43  Zealot x4  
  146  11:44  Zealot x2  
Show
View Real Time Build Order
Export as new Build Order

Kindanova Terran 

Build Orders:  

Get SALT Encoding   

  12  0:44  Refinery  
  12  0:50  Refinery  
  12  1:10  Supply Depot  
  12  1:23  Supply Depot  
  12  1:36  Engineering Bay  
  12  1:43  Engineering Bay  
  12  1:52  Barracks  
  12  2:42  Barracks  
  12  2:45  Marine  
  13  3:03  Marine  
  14  3:21  Marine  
  15  3:39  Marine  
  16  3:45  Marine  
  16  3:46  Bunker  
  17  3:56  Marine  
  18  4:03  Marine  
  19  4:14  Marine  
  20  4:21  Marine  
  21  4:32  Marine  
  22  4:39  Marine  
  23  4:50  Marine  
  24  4:56  Marine  
  25  5:08  Marine  
  26  5:14  Marine  
  27  5:25  Marine  
  28  5:32  Marine  
  29  5:45  Marine  
  30  5:50  Marine  
  31  6:19  Supply Depot  
  31  6:27  Supply Depot  
  31  6:41  Marine x2  
  33  6:59  Reaper x2  
  35  7:31  Reaper x2  
  37  7:43  Supply Depot  
  37  8:03  Marine x2  
  39  8:16  Barracks  
  39  8:42  Marine x2  
  41  9:00  Marine x2  
  43  9:17  Marine  
  43  9:18  Marine  
  45  9:35  Marine  
  45  9:36  Marine  
  47  9:46  Marine  
  47  9:53  Marine x2  
  49  10:04  Marine  
  50  10:11  Marine x2  
  52  10:22  Marine  
  53  10:29  Marine x2  
  55  11:00  Supply Depot  
  55  11:17  Supply Depot  
  55  11:21  Marine x3  
  55  11:23  Supply Depot  
  58  11:39  Marine x3  
  41  12:36  Marine x2  
  41  12:37  Marine  
  14  12:54  Marine x3  
Tags
 
Composition
Blink Stalkers
Matchup
PvT
Spawn Locations
Cross Positions
Add a new tag
Caveats
  • Supply blocks, unpowered buildings, or Contaminate may cause inaccurate times.
  • Supply counts are checked every 10 seconds.